[Event "Charlotte Spring IM-C 2023"]
[Site "Charlotte"]
[Date "2023.03.19"]
[Round "8.5"]
[White "Chiku-Ratte, Olivier-Kenta"]
[Black "Georgiev, Vladimir"]
[Result "1/2-1/2"]
[ECO "D35"]
[WhiteElo "2301"]
[BlackElo "2404"]
[Annotator "TA"]
[PlyCount "50"]
[EventDate "2023.03.14"]
[EventType "tourn"]
[EventCountry "USA"]
[SourceTitle "playchess.com"]
[Source "ChessBase"]
[SourceQuality "1"]
[TimeControl "5400+30"]

1. d4 Nf6 2. c4 e6 3. Nc3 d5 4. cxd5 exd5 5. Bg5 c6 6. e3 Bd6 7. Bd3 h6 {[%emt 0:00:16] D35: Queen's Gambit Declined: Exchange Variation.} 8. Bh4 O-O 9. Qc2 a5 {[%emt 0:00:14] The position is equal.} 10. Nf3 Re8 11. O-O Na6 12. a3 {[%emt 0:01:20] Inhibits Nb4.} Bg4 13. Nd2 Bd7 {[%emt 0:00:38][%cal Od6h2] [#]} 14. Bh7+ $146 ({Predecessor:} 14. Bg3 Bxg3 15. hxg3 Ng4 16. Rfe1 Qf6 17. Nf1 h5 18. f3 Nh6 19. Qf2 Nc7 20. e4 {0-1 Knaak,R (2479)-Thuesen,M (2150) WchT Seniors 65 2022 (9.2)}) 14... Kh8 $11 15. Bf5 Be6 16. Bg3 (16. Rae1 $14 {is superior.}) 16... Bxg3 17. hxg3 Nc7 18. Na4 (18. Bd3 $11) 18... Bxf5 $15 19. Qxf5 Nb5 20. Nc5 Nd6 21. Qf4 a4 (21... g5 $5 22. Qf3 $8 Kg7 $11) 22. Rac1 Qe7 23. Nd3 g5 24. Qf3 Nfe4 25. Rfd1 Ra5 {[%emt 0:07:03] Weighted Error Value: White=0.14 (very precise) /Black=0.08 (flawless)} 1/2-1/2

[Event "Charlotte Spring IM-C 2023"]
[Site "Charlotte"]
[Date "2023.03.19"]
[Round "9.1"]
[White "Georgiev, Vladimir"]
[Black "Adamson, Robby"]
[Result "1/2-1/2"]
[WhiteElo "2404"]
[BlackElo "2265"]
[Annotator "TA"]
[PlyCount "36"]
[EventDate "2023.03.14"]
[EventType "tourn"]
[EventCountry "USA"]
[SourceTitle "playchess.com"]
[Source "ChessBase"]
[SourceQuality "1"]
[TimeControl "5400+30"]

1. d4 Nf6 2. Nf3 e6 3. c4 d5 4. Nc3 Bb4 5. cxd5 exd5 6. Bg5 h6 7. Bxf6 Qxf6 8. Qa4+ {[%emt 0:00:05] [#] A rather calm draw.  is now debated instead of 8.Qb3. D38: Queen's Gambit Declined: Ragozin Defence (4 Nf3 Bb4).} {Predecessor:} Nc6 $146 9. e3 O-O 10. Rc1 Rd8 11. a3 Bf8 12. Be2 Ne7 13. O-O Ng6 14. b4 Be6 15. Qb3 c6 16. Na4 Bg4 17. Rfe1 Bd6 18. Nc5 Rab8 {½-½ Bauer,C (2615)-Moussard,J (2670) FRA-ch 95th Albi 2022 (2.2)} 1/2-1/2

[Event "Charlotte Spring IM-C 2023"]
[Site "Charlotte"]
[Date "2023.03.20"]
[Round "9.2"]
[White "Amburgy, Ryan"]
[Black "Chiku-Ratte, Olivier-Kenta"]
[Result "1/2-1/2"]
[ECO "E08"]
[WhiteElo "2242"]
[BlackElo "2301"]
[Annotator "TA"]
[PlyCount "286"]
[EventDate "2023.03.14"]
[EventType "tourn"]
[EventCountry "USA"]
[SourceTitle "playchess.com"]
[Source "ChessBase"]
[SourceQuality "1"]
[TimeControl "5400+30"]

1. d4 d5 2. c4 c6 3. Nf3 Nf6 4. Nc3 e6 5. g3 Be7 6. Bg2 O-O 7. O-O b6 8. Nd2 Ba6 9. b3 b5 10. Bb2 Nbd7 11. Qc2 bxc4 12. bxc4 Rb8 13. Rab1 Nb6 14. c5 Nc4 15. Nxc4 Bxc4 16. Rfe1 Qa5 17. Bf1 Qa6 18. e3 e5 19. Bxc4 Qxc4 20. Qe2 Qxe2 21. Nxe2 e4 22. Bc3 Nd7 23. Ba5 Rxb1 24. Rxb1 Rb8 25. Rxb8+ Nxb8 26. Kf1 f5 27. h4 Kf7 28. a3 g6 29. Nc1 h6 30. Ke2 Ke6 31. Nb3 g5 32. hxg5 hxg5 33. Kd2 Kd7 34. Ke2 Kc8 35. Be1 Nd7 36. Na5 Kc7 37. Bd2 Nf6 38. Kf1 Nh5 39. Kg2 Ng7 40. g4 Kd7 41. Kh3 Bd8 42. gxf5 Nxf5 43. Kg4 Nh4 44. Nb3 Nf3 45. Bc3 Nh2+ 46. Kh3 Bc7 47. Nd2 g4+ 48. Kg2 $1 Nf3 49. Nb3 Nh4+ 50. Kf1 Nf5 51. Ke2 Bd8 52. Bd2 Bf6 53. Bc3 Kc7 54. Bb4 Bg5 55. Bd2 Nh4 56. Bc3 Ng6 57. Bb4 Ne7 58. Ba5+ Kc8 59. a4 Nf5 60. Bd2 Bd8 61. Ba5 Bh4 62. Bd2 Nh6 63. Bc3 Nf7 64. Bd2 Ng5 65. Bc3 Nf3 66. Kf1 Bd8 67. Ke2 Kb7 68. Ba5 Bh4 69. Bc3 Ng5 70. Na5+ Kc7 71. Nb3 Ne6 72. Bb4 Bg5 73. Bc3 Ng7 74. Bb4 Nf5 75. Bd2 g3 76. fxg3 Nxg3+ 77. Ke1 Bh4 78. Kd1 Nf1 79. Ke2 Nxd2 80. Nxd2 Kb7 81. Nb3 Ka6 82. Kf1 Bd8 83. Ke2 Ba5 84. Kd1 Bb4 85. Ke2 Kb7 86. Kd1 Kc8 87. Nc1 Kd7 88. Ne2 Ke6 89. Ng3 Ba5 90. Ke2 Bc7 91. Nf1 $1 Kf5 92. Nd2 Kg4 93. Nb3 Kg3 94. Nc1 Ba5 95. Nb3 Bb4 96. Nc1 $1 Bc3 97. Na2 Ba5 98. Nc1 Kg2 99. Na2 Kg1 (99... Kg3 $5) 100. Nc1 Bb4 101. Na2 Ba3 102. Nc3 $1 Kg2 103. Na2 Kg3 104. Nc3 $1 Bb4 105. Na2 Ba5 106. Nc1 Kg4 107. Nb3 Bb4 108. Nc1 Kf5 109. Nb3 Ke6 110. Kd1 Kd7 111. Ke2 Kc7 112. Kd1 Kb7 113. Ke2 Ka6 114. Kd1 Ba5 115. Ke2 Bd8 116. Kd2 Bh4 117. Ke2 Bg3 118. Kf1 Bh4 119. Ke2 Bg3 120. Kf1 $1 Bb8 121. Kf2 Bc7 122. Ke2 Kb7 123. Kd2 a6 124. Ke2 Bg3 125. Nd2 Bc7 126. Nb3 Kc8 127. Kd2 Kd7 128. Ke2 Ke6 129. Nc1 Ba5 130. Nb3 Bb4 131. Nc1 Bc3 132. Na2 Ba5 133. Nc1 Kf5 134. Nb3 Bc3 135. Nc1 Bb2 136. Nb3 Bc3 137. Nc1 $1 Kg4 138. Na2 Ba5 139. Nc1 Kg3 140. Nb3 Bc3 141. Nc1 $1 Bb2 142. Nb3 Bc3 143. Nc1 $1 Kg4 1/2-1/2

[Event "Charlotte Spring IM-C 2023"]
[Site "Charlotte"]
[Date "2023.03.20"]
[Round "9.3"]
[White "Yu, Jiangwei"]
[Black "Vanapalli, Vishnu"]
[Result "1-0"]
[ECO "D35"]
[WhiteElo "2167"]
[BlackElo "2226"]
[Annotator "TA"]
[PlyCount "85"]
[EventDate "2023.03.14"]
[EventType "tourn"]
[EventCountry "USA"]
[SourceTitle "playchess.com"]
[Source "ChessBase"]
[SourceQuality "1"]
[TimeControl "5400+30"]

1. d4 d5 2. c4 e6 3. Nc3 Be7 4. Bf4 Nf6 5. e3 O-O 6. a3 {[%emt 0:00:20] D35: Queen's Gambit Declined: Exchange Variation.} b6 7. Nb5 Na6 8. Nf3 {[%emt 0:01:03] The position is equal.} Bb7 9. Rc1 c6 10. Nc3 c5 11. cxd5 Nxd5 12. Nxd5 exd5 13. Bd3 Nc7 {[%emt 0:04:08] [#]} 14. O-O $146 ({Predecessor:} 14. h4 Ne8 15. Be5 Nf6 16. Ng5 h6 17. Qf3 Rc8 18. Bxf6 Bxf6 19. Nh7 Re8 20. Nxf6+ Qxf6 21. Qxf6 gxf6 {1-0 Kovalenko,I (2637)-Ladva,O (2386) Baltic zt Vilnius 2014 (6)}) 14... Ne6 15. Bg3 (15. Qc2 $5 ) 15... g6 16. dxc5 bxc5 17. Qe2 Qb6 18. Be5 Rfd8 19. h4 Rac8 20. Rfd1 a5 21. h5 c4 22. Bc2 Nc5 23. hxg6 hxg6 24. Bd4 Bf6 25. Ne5 {[%emt 0:00:55] Qf3 is the strong threat.} (25. Qd2 $5) 25... Qd6 $1 26. f4 Nd7 27. Nxd7 Rxd7 28. Qg4 {[%emt 0:06:45] Bxf6 would be deadly.} Rcd8 (28... Rcc7 $11) 29. f5 $1 $16 g5 30. Rf1 Re7 {[%emt 0:02:52] [#]} (30... Bc6 $16 {keeps fighting.}) 31. Rf3 $1 $18 Rde8 {[%emt 0:02:19] [#]} 32. Kf2 $1 Re5 $2 (32... Bxd4 {is tougher.} 33. Qxg5+ Kf8 34. exd4 f6 35. Qh6+ Rg7) 33. Rh1 Kf8 34. Rh7 {[%emt 0:06:56] Wards off Re4. White threatens Qh5 and mate.} (34. Bxe5 Qxe5 35. Qd4 Qxd4 36. exd4 Bxd4+ 37. Kf1 Bf6 $15) 34... Ke7 35. Kg1 (35. Bxe5 Qxe5 36. Ba4 (36. Qh5 Rf8 $17) 36... Qxb2+ 37. Kg1 Rf8 $11) 35... Bc6 36. Bc3 $2 (36. Bxe5 Qxe5 37. Rf1 (37. Qh5 Rf8 $17) 37... Qxe3+ 38. Kh1 d4 $17) (36. Rfh3 $18) 36... Qc7 $2 {[%emt 0:01:40][%mdl 8192] A mistake that costs the game.} 37. Qd4 {[%emt 0:00:29] Black must now prevent Qc5+.} (37. Bxe5 Qxe5 38. Bd1 (38. Qh5 Rf8 $17) 38... Qxb2 $17) 37... Bd7 38. Qd2 Ra8 39. Bd4 (39. Bxe5 Qxe5 40. b3 c3 $14) 39... Be8 $2 (39... g4 40. Rf4 (40. Bxe5 Qxe5 41. Rf1 Rb8 $11) 40... g3) 40. Qc3 (40. Bxe5 Qxe5 41. Rh6 g4 $11) 40... Ra7 41. Rfh3 ({Weaker is} 41. Bxe5 Qxe5 42. Qxe5+ Bxe5 $11) 41... Kd6 42. R7h6 Qe7 43. Bxa7 {[%emt 0:00:48] Artfully played by Yu.   Weighted Error Value: White=0.44/Black=0.92} (43. Bxe5+ $142 Kd7 44. Bxf6 Qc5 45. Bd4 {[%mdl 64] Deflection} Qe7 46. Bxa7 Kc8 47. Qxa5 g4 48. Rb6) 1-0

[Event "Charlotte Spring IM-C 2023"]
[Site "Charlotte"]
[Date "2023.03.20"]
[Round "9.5"]
[White "Nguyen, James Le"]
[Black "Jayaraman, Roshan"]
[Result "1/2-1/2"]
[ECO "B52"]
[WhiteElo "2100"]
[BlackElo "1907"]
[Annotator "TA"]
[PlyCount "102"]
[EventDate "2023.03.14"]
[EventType "tourn"]
[EventCountry "USA"]
[SourceTitle "playchess.com"]
[Source "ChessBase"]
[SourceQuality "1"]
[TimeControl "5400+30"]

1. e4 c5 2. Nf3 d6 3. Bb5+ Bd7 4. Bxd7+ Qxd7 5. c4 e5 6. Nc3 Nc6 7. a3 g6 8. O-O Bg7 9. b4 Nge7 10. d3 O-O 11. bxc5 {[%emt 0:01:28] B52: Sicilian: Moscow Variation with 3...Bd7.} dxc5 12. Nd5 f5 13. Bg5 {[%emt 0:13:43][%cal Bc1g5,Bg5d2,Bd2e3][%mdl 32] The position is equal.} Nc8 {[%emt 0:00:00] [#]} 14. Bd2 $146 (14. Be3 $5 ) ({Predecessor:} 14. Be3 b6 15. a4 f4 16. Bd2 a5 17. Rb1 Nb4 18. g3 Ra7 19. Bc3 Qd6 20. gxf4 exf4 21. Bxg7 Rxg7 {1-0 Rublevsky,S (2685)-Brestian,E (2430) Olympiad-33 Elista 1998 (1.1)}) 14... Nd6 15. Qe2 Rae8 16. a4 h6 17. Be3 b6 18. a5 $1 fxe4 (18... Nxa5 {with more complications.} 19. Bxc5 fxe4 20. dxe4 Naxc4 21. Bb4 Rc8) 19. dxe4 Nxa5 20. Bxc5 {[%emt 0:02:51][%mdl 64] [#] Deflection} Naxc4 21. Bxd6 (21. Bb4 $5 ) 21... Nxd6 22. Qa2 {[%emt 0:01:06] Strongly threatening Nf6+.} Rf7 {[%emt 0:00:00] Repels Nf6+} (22... Nxe4 $2 23. Nf6+ (23. Qxa7 $2 {perishes.} Qxd5 24. Qxb6 Rxf3 $19) 23... Kh8 24. Nxd7 $18) 23. Rfc1 $2 (23. Rfd1 $15) 23... Nb5 $2 (23... Nxe4 $19 {Threatens to win with ...Nc5.} 24. Rc7 Qe6) 24. Qa6 Kh7 25. Rab1 Nd4 (25... Nd6 $5 26. Rc7 Qe6 $11) 26. Rc7 $36 {[%emt 0:03:13][%mdl 2048] White has the initiative.} Nxf3+ 27. gxf3 Qxc7 28. Nxc7 Rxc7 29. Rd1 Rf8 30. Rd3 {[%emt 0:01:02][%mdl 1024] White has compensation.} h5 31. Kg2 Rff7 32. Qb5 Rfe7 33. Qa4 Rf7 34. Qb3 Rf6 35. Qd5 Rf8 36. Qe6 {[%emt 0:01:09] aiming for Rd6.} Rcf7 37. Rc3 Rf6 38. Qd5 (38. Qxe5 $2 R6f7 $19) 38... R6f7 {[%emt 0:00:00] Prevents Qb7.} 39. Qb3 Bh8 {[%emt 0:00:00] [#]} (39... Re7 $14) 40. Rc6 ({White should try} 40. Rc8 $1 $16) 40... Bg7 41. Rc3 (41. Qc3 $14) 41... Re7 (41... Bh8 $1 $11) 42. Kf1 Ref7 43. Ke2 Re7 44. Qd5 Ref7 45. Qd6 Rf6 46. Qa3 (46. Qxe5 $2 {loses.} R6f7 $19) 46... R6f7 47. Rc4 Rd8 48. Qb3 Rdf8 49. Rc3 Re7 $1 50. Rd3 {[%emt 0:00:15] Prevents Rd8.} Rf6 51. Rd8 Rf8 {[%emt 0:00:00] Weighted Error Value: White=0.17 (very precise) /Black=0.15 (very precise)} 1/2-1/2